 Dungeon Crawl Stone Soup version 0.31.0-32-g396128a36d (webtiles) character file.

Game seed: 6249346538856622327

133 monsoonserge the Ruffian (level 5, -1/34 HPs)
             Began as an Octopode Shapeshifter on Apr 15, 2024.
             Splashed by a jelly's acid (3 damage)
             ... on level 4 of the Dungeon.
             The game lasted 00:05:23 (3173 turns).

monsoonserge the Ruffian (Octopode Shapeshifter)    Turns: 3173, Time: 00:05:24

Health: -1/34      AC: -11   Str: 16    XL:     5   Next: 16%
Magic:  5/5        EV:  9    Int: 12    God:
Gold:   154        SH: 13    Dex: 11    Spells: 4/4 levels left

rFire   . .          .
                       - Unarmed
rCold   . . .        l - +2 tower shield
rNeg    . . .        (helmet currently unavailable)
rPois   .            j - amulet of regeneration
rElec   .            (no ring)
rCorr   .            (no ring)
SInv    .            (no ring)
Will    .....        (no ring)
Stlth   +++          (no ring)
HPRegen 1.05/turn    (no ring)
MPRegen 0.09/turn    (no ring)
                     (no ring)

%: no passive effects
@: beast-form, corroded
A: beast (slay +2), almost no armour, amphibious, 8 rings, camouflage 1,
gelatinous body 1, (nimble swimmer 1), tentacles
a: Begin Untransformation


You were on level 4 of the Dungeon.
You were a hulking beast.
You visited 1 branch of the dungeon, and saw 4 of its levels.

You collected 154 gold pieces.

Inventory:

Armour
 l - a +2 tower shield (worn)
Jewellery
 j - an amulet of regeneration (around mantle)
Talismans
 b - a beast talisman
 c - a flux talisman
Scrolls
 e - 4 scrolls of enchant armour {unknown}
 h - a scroll of torment {unknown}
 i - 2 scrolls of enchant weapon {unknown}
 m - a scroll of silence {unknown}
Potions
 a - 2 potions of lignification
 d - 2 potions of heal wounds {unknown}
 f - a potion of resistance {unknown}
 g - 2 potions of brilliance {unknown}
 k - a potion of curing {unknown}
 n - 2 potions of berserk rage {unknown}


   Skills:
 - Level 2.0 Fighting
 - Level 2.0 Dodging
 - Level 2.0 Stealth
 - Level 2.0 Shields
 + Level 4.1 Unarmed Combat
 - Level 3.5 Shapeshifting


You had 4 spell levels left.
You didn't know any spells.
Your spell library contained the following spells:

 Spells                   Type           Power      Damage    Failure   Level
 Magic Dart               Conj           0%         1d3       99%         1
 Searing Ray              Conj           0%         2d4       100%        2
 Fugue of the Fallen      Necr           0%         N/A       100%        3
 Ozocubu's Armour         Ice            0%         N/A       100%        3
 Summon Ice Beast         Ice/Summ       0%         N/A       100%        3
 Fulminant Prism          Conj/Alch      0%         3d5       100%        4
 Manifold Assault         Tloc           0%         N/A       100%        4
 Summon Mana Viper        Hex/Summ       0%         N/A       100%        5
 Monstrous Menagerie      Summ           0%         N/A       100%        7


Dungeon Overview and Level Annotations

Branches:
Dungeon (4/15)
 Temple: D:4-7

Altars:
Dithmenos
Trog

Shops:
D:1 [   D:3 :


Innate Abilities, Weirdness & Mutations

You are a hulking beast.
Your limbs bulge with bestial killing power. (Slay +2)
You cannot wear most types of armour.
You are amphibious.
You can wear up to eight rings at the same time.
Your skin changes colour to match your surroundings (Stealth+).
Your rubbery body absorbs attacks. (AC +1, EV +1)
((You are camouflaged when in or above water. (Stealth+)))
You have tentacles for arms and can constrict up to eight enemies at once.


Message History

You closely miss the adder. You grab the adder. You squeeze the adder!
You kill the adder!
Your Unarmed Combat skill increases to level 4!
You see here an adder corpse.
You open the door.
There is an open door here.
You now have 143 gold pieces (gained 16).
Found a stone staircase leading down.
Found a stone staircase leading up.
Found a falchion.
You now have 154 gold pieces (gained 11).
There is an open door here.
Found a stone staircase leading up.
e - 4 scrolls labelled CAIKUKADIK (gained 1)
You open the door.
A jelly comes into view.
There is an open door here.
The helpless jelly fails to defend itself.
You tentacle-slap the jelly.
Your tentacles burn!
The jelly is moderately wounded.
The jelly hits you but does no damage.
You completely miss the jelly.
The jelly is moderately wounded.
The jelly hits you. The acid corrodes you!
You are splashed with acid!
You tentacle-slap the jelly but do no damage.
Your tentacles burn!
You squeeze the jelly!
The jelly is severely wounded.
You block the jelly's attack. x2
You tentacle-slap the jelly.
Your tentacles burn!
You squeeze the jelly, but do no damage.
The jelly is almost dead.
The jelly hits you. The acid corrodes you!
You are splashed with acid!
You tentacle-slap the jelly but do no damage.
Your tentacles burn!
The jelly is almost dead.
The jelly hits you.
You are splashed with acid!
* * * LOW HITPOINT WARNING * * *
You tentacle-slap the jelly but do no damage.
The acid corrodes you!
Your tentacles burn!
You die...

##...##......# #...... +..
#............# #...... #...
#............# #...)..
#....#............# #......
#...##....#####'### ##......
#...##....##.....## #.......
+.................# #.......
#.................+ #.......
#...............h.# #.......
#......<.........J# #.......
#...######################.......
#...###...##..........^..........
#..........#.........>.<.........
#..........#.....................
#..........#.....................
#...†......#.....................
##...####'##.....................


You could see a jelly.

Vanquished Creatures
  6 adders
  2 dart slugs
  An orc (D:3)
  6 ball pythons
  5 endoplasms (D:1)
  4 giant cockroaches
  4 goblins
  5 hobgoblins
  3 jackals (D:4)
  5 quokkas
  5 bats
  3 frilled lizards
  5 kobolds
  21 rats
75 creatures vanquished.

Notes
Turn   | Place    | Note
-------+----------+-------------------------------------------
     0 | D:1      | monsoonserge the Octopode Shapeshifter began the quest for
                  | the Orb.
     0 | D:1      | Reached XP level 1. HP: 13/13 MP: 1/1
   267 | D:1      | Reached XP level 2. HP: 13/18 MP: 2/2
   311 | D:1      | Reached skill level 1 in Stealth
   469 | D:1      | Found Udaeheps's Antique Armour Boutique.
  1149 | D:2      | Reached XP level 3. HP: 22/24 MP: 3/3
  1370 | D:2      | Reached XP level 4. HP: 22/29 MP: 4/4
  1414 | D:2      | Reached skill level 1 in Shields
  2220 | D:3      | Found a shadowy altar of Dithmenos.
  2483 | D:3      | Found a bloodstained altar of Trog.
  2688 | D:3      | Found Yteimne's Book Emporium.
  2923 | D:4      | Reached XP level 5. HP: 34/34 MP: 5/5
  3043 | D:4      | Reached skill level 4 in Unarmed Combat
  3173 | D:4      | Splashed by a jelly's acid

Illustrated notes

Levels and vault maps discovered:
D:1:      evilmike_arrival_rings, layout_basic, serial_shops,
          nicolae_shop_waterfront, dk_noncrumbling_4
D:2:      layout_loops_ring, roderic_lattice_a, minmay_rat_hole
D:3:      layout_loops_corners, trog_butcher_becter,
          nicolae_dithmenos_through_a_glass_darkly, serial_shops,
          nicolae_shop_crystal, nicolae_elevator_lobby_asterisk
D:4:      layout_gridville, minmay_temple_entry_crystal_x

Skill      XL: |  1  2  3  4  5 |
---------------+----------------+-----
Stealth        | 1 2 |  2.0
Fighting       | 2 |  2.0
Shields        | 2 |  2.0
Unarmed Combat | 4 |  4.1
Dodging        | |  2.0
Shapeshifting  | |  3.5

Action                     |  1- 3 |  4- 6 || total
---------------------------+-------+-------++-------
  Melee: Unarmed           |    47 |    83 ||   130
         Constrict         |    12 |    20 ||    32
         Tentacles         |    10 |    16 ||    26
         Punch             |       |     2 ||     2
   Stab: Sleeping          |     6 |     9 ||    15
 Armour: Skin              |    19 |    22 ||    41
  Dodge: Dodged            |    25 |    17 ||    42
  Block: Tower shield      |     5 |    42 ||    47
